 Dungeon Crawl Stone Soup version 0.28-a0-957-g42eb19b844 (webtiles) character file.

Game seed: 477350630549327534

27 Redcow54321 the Skirmisher (level 2, -11/26 HPs)
             Began as a Demigod Fighter on Nov 30, 2021.
             Killed by nerve-wracking pain
             ... invoked by Jessica
              (14 damage)
             ... on level 2 of the Dungeon.
             The game lasted 00:02:52 (1408 turns).

Redcow54321 the Skirmisher (Demigod Fighter)        Turns: 1408, Time: 00:02:53

Health: -11/26     AC:  6    Str: 17    XL:     2   Next: 72%
Magic:  4/4        EV:  9    Int: 10    God:
Gold:   81         SH:  4    Dex: 13    Spells: 1/1 levels left

rFire   + . .      SeeInvis .     - Unarmed
rCold   + + .      Faith    .   b - +0 buckler
rNeg    . . .      Spirit   .   a - +0 scale mail
rPois   +          Reflect  .   (no helmet)
rElec   +          Harm     .   (no cloak)
rCorr   +          Rampage  .   (no gloves)
Will    .....                   (no boots)
Stlth   ..........              (no amulet)
HPRegen 0.08/turn               d - ring of protection from cold
MPRegen 0.09/turn               (no ring)

@: mighty, resistant
A: high mp 1, forlorn
a: no special abilities


You were on level 2 of the Dungeon.
You visited 1 branch of the dungeon, and saw 2 of its levels.

You collected 81 gold pieces.

Inventory:

Armour
 a - a +0 scale mail (worn)
 b - a +0 buckler (worn)
Jewellery
 d - a ring of protection from cold (left hand)
Scrolls
 g - a scroll of blinking {unknown}
Potions
 e - a potion of curing {unknown}


   Skills:
 * Level 3.3 Fighting
 - Level 2.6 Armour
 + Level 0.3 Dodging
 - Level 2.6 Shields
 * Level 2.3 Unarmed Combat


You had one spell level left.
You didn't know any spells.
Your spell library was empty.

Dungeon Overview and Level Annotations

Branches:
Dungeon (2/15)

Annotations:
D:2 Jessica


Innate Abilities, Weirdness & Mutations

Your attributes grow dramatically as you level up.
You have an increased reservoir of magic. (+10% MP)
You shall have no god before yourself.


Message History

You kill the quokka!
No target in view!
f - a potion of resistance;
g - a scroll labelled DABBUGH MEWI You see here a hobgoblin corpse.
Found a ring mail.
No target in view!
You see here a +0 ring mail.
Found an escape hatch in the ceiling.
You now have 81 gold pieces (gained 12).
Jessica the Apprentice Sorceress comes into view.
She is wielding a +2 dagger of freezing and carrying a wand of flame (14).
Found a mace.
You barely miss Jessica.
Jessica casts a spell.
Jessica blinks!
Jessica gestures at you while chanting. Pain shoots through your body!
You hit Jessica but do no damage.
Jessica points at you and mumbles some strange words.
Pain shoots through your body! Jessica casts a spell at you.
Pain shoots through your body!
* * * LOW HITPOINT WARNING * * *
You hit Jessica.
Jessica is moderately wounded.
Jessica completely misses you.
You barely miss Jessica.
Jessica is moderately wounded.
Jessica mumbles some strange words.
Jessica blinks!
Okay, then.
You feel protected.
You feel very mighty all of a sudden.
You closely miss Jessica.
Jessica is moderately wounded.
Jessica gestures wildly while chanting.
Jessica blinks!
Jessica gestures at you while chanting. Pain shoots through your body!
Ouch! That really hurt!
You die...

#...# #.#.
####.###
#.## #....#
#.##
#.##.######
#.#.
#.........)
#.#.
#..@.##.#..
#... ##...#
... #...
##.ยง.##....
###.
#.@.....# .
#. #.....#.#
##
..........#
#
##....##.###
....##.
...#. .....
..... .
.#.#.#....
#..... .
.#..>....
##.... .#
.....# #
....#.#


You could see Jessica.

Vanquished Creatures
  An adder (D:2)
  4 bats
  3 endoplasms (D:1)
  2 hobgoblins
  3 kobolds (D:1)
  2 quokkas
  A frilled lizard (D:1)
  A rat (D:1)
17 creatures vanquished.

Notes
Turn   | Place    | Note
-------+----------+-------------------------------------------
     0 | D:1      | Redcow54321 the Demigod Fighter began the quest for the
                  | Orb.
     0 | D:1      | Reached XP level 1. HP: 18/18 MP: 3/3
   464 | D:1      | Reached skill level 3 in Fighting
   464 | D:1      | Reached XP level 2. HP: 25/26 MP: 4/4
  1395 | D:2      | Noticed Jessica
  1408 | D:2      | Killed from afar by Jessica

Illustrated notes

Levels and vault maps discovered:
D:1:      minmay_arrival_diagonal_passages, layout_basic
D:2:      layout_basic, shapermc_ecumenical_altar_pompeii, minmay_misc_feat_chi,
          uniq_crazy_yiuf_cottage, uniq_terence, uniq_jessica, uniq_sigmund

Skill      XL: |  1 |
---------------+----+-----
Unarmed Combat | 2 |  2.3
Fighting       | 3 |  3.3
Armour         | |  2.6
Dodging        | |  0.3
Shields        | |  2.6

Action                   || total
-------------------------++-------
Melee: Unarmed           ||    71
  Use: Potion            ||     2
Armor: Scale mail        ||    27
Dodge: Dodged            ||    18
Block: Buckler           ||    21

Table legend: (Time is in decaauts)
 A = Elapsed time spent in this place.
 B = Non-inter-level travel time spent in this place.
 C = Inter-level travel time spent in this place.
 D = Time resting spent in this place.
 E = Time spent auto-exploring this place.
 F = Levels seen in this place.
 G = Mean time per level.
                   A        B        C        D        E       F      G
               +--------+--------+--------+--------+--------+-----+--------+
         Total |   1406 |   1395 |     11 |     13 |   1187 |   2 |  703.0 |
       Dungeon |   1406 |   1395 |     11 |     13 |   1187 |   2 |  703.0 |
               +--------+--------+--------+--------+--------+-----+--------+

Top non-repeatable levels by time:
     D:1: 966 daAuts
     D:2: 440 daAuts
